 Dungeon Crawl Stone Soup version 0.25-a0-1130-g3926558f3a (webtiles) character file.

Game seed: 14611743673522270641, levelgen mode: deterministic

331 Lugonue the Ruffian (level 6, -1/48 HPs)
             Began as a Hill Orc Transmuter on May 19, 2020.
             Was an Initiate of Okawaru.
             Killed from afar by Eustachio (8 damage)
             ... with a puff of flame
             ... on level 5 of the Dungeon.
             The game lasted 00:10:49 (5501 turns).

Lugonue the Ruffian (Hill Orc Transmuter)           Turns: 5501, Time: 00:10:50

Health: -1/48      AC:  8    Str: 15    XL:     6   Next: 51%
Magic:  9/9        EV: 10    Int: 13    God:    Okawaru [......]
Gold:   188        SH:  0    Dex: 11    Spells: 6/9 levels left

rFire    . . .     SeeInvis .   g - +1 war axe
rCold    . . .     Gourm    .   (no shield)
rNeg     . . .     Faith    .   e - +0 scale mail
rPois    .         Spirit   .   (no helmet)
rElec    .         Reflect  .   (no cloak)
rCorr    .         Harm     .   m - +1 pair of gloves
MR       .....                  (no boots)
Stlth    ..........             (no amulet)
HPRegen  0.16/turn              (no ring)
MPRegen  0.11/turn              (no ring)

@: very slightly contaminated
A: no striking features
a: Renounce Religion


You were on level 5 of the Dungeon.
You worshipped Okawaru.
Okawaru was noncommittal.
You were not hungry.

You visited 1 branch of the dungeon, and saw 5 of its levels.

You collected 188 gold pieces.

Inventory:

Hand Weapons
 g - a +1 war axe (weapon)
Missiles
 a - 93 arrows
 i - a javelin (quivered)
Armour
 e - a +0 scale mail (worn)
 k - a +0 helmet
 m - a +1 pair of gloves (worn)
Wands
 s - a wand of flame (16)
Scrolls
 f - 2 scrolls of identify {unknown}
 n - a scroll of teleportation {unknown}
 r - a scroll of amnesia {unknown}
Potions
 b - a potion of magic
 c - a potion of stabbing {unknown}
 j - a potion of resistance {unknown}
 l - 2 potions of invisibility {unknown}
 o - a potion of ambrosia {unknown}
Comestibles
 d - 6 rations


   Skills:
 + Level 2.2 Fighting
 + Level 2.9 Axes
 + Level 0.1 Throwing
 + Level 3.1 Armour
 + Level 2.1 Dodging
 + Level 1.0 Stealth
 + Level 4.2 Unarmed Combat
 + Level 2.3 Spellcasting
 + Level 2.0 Transmutations


You had 6 spell levels left.
You knew the following spells:

 Your Spells              Type           Power        Failure   Level  Hunger
a - Beastly Appendage     Tmut           #.....       38%         1    #......
b - Sticks to Snakes      Tmut           #.......     52%         2    ###....

Your spell library contained the following spells:

 Spells                   Type           Power        Failure   Level  Hunger
 Spider Form              Tmut/Pois      #.........   88%         3    ###....
 Ice Form                 Ice/Tmut       #.......     99%         4    #####..
 Blade Hands              Tmut           #.........   100%        5    ######.


Dungeon Overview and Level Annotations

Branches:
Dungeon (5/15)
 Temple: D:4-7

Altars:
Elyvilon
Nemelex Xobeh
Okawaru
Qazlal
The Shining One

Annotations:
D:1 1 runed translucent door
D:5 Eustachio


Message History

Eustachio gestures wildly while chanting.
The river rat barely misses you.
Eustachio says, "My allies will avenge me."
Eustachio mumbles some strange words.
The river rat disappears in a puff of smoke!
Eustachio zaps a wand.
The puff of flame hits you!
* * * LOW HITPOINT WARNING * * *
Okay, then.
Press: ? - help, v - describe, . - travel, g - get item
Here: Eustachio, wielding a +1 rapier of speed, wearing a +0 leather armour and carrying a wand of flame (8) (heavily wounded)
A javelin.
The floor.
Evoke which item? (* to show all) (? for menu, Esc to quit)
Okay, then.
Blink to where?
Press: ? - help, Dir - move target cursor, p - Eustachio You are very lightly contaminated with residual magic.
As you read the scroll of blinking, it crumbles to dust.
Eustachio zaps a wand.
The puff of flame hits you!
You die...

#.# ##.........## #.#
#........... # #.#
#.........# .## #.#
#.........#####... ##.#
#.........#..... #..#
#.........#....
#.#####.......##..# ##
#....@.......###..#...##
###########.@<......_...
#####.###...#. #.# ##
#.# #.# #.. ###


You could see Eustachio.

Vanquished Creatures
  An ogre (D:4)
  A worker ant (D:4)
  3 gnolls
  11 adders
  An adder skeleton (D:4)
  4 worms
  A dart slug (D:1)
  2 leopard geckos
  10 orcs
  4 bats
  A giant cockroach (D:4)
  7 goblins
  9 hobgoblins
  5 kobolds
  6 quokkas
  2 ball pythons (D:4)
  4 frilled lizards
  6 rats
78 creatures vanquished.

Notes
Turn   | Place    | Note
-------+----------+-------------------------------------------
     0 | D:1      | Lugonue the Hill Orc Transmuter began the quest for the
                  | Orb.
     0 | D:1      | Reached XP level 1. HP: 16/16 MP: 3/3
     1 | D:1      | Found a runed translucent door.
   276 | D:1      | Reached XP level 2. HP: 22/23 MP: 4/4
   757 | D:2      | Found an iron altar of Okawaru.
   764 | D:2      | Became a worshipper of Warmaster Okawaru
  1081 | D:2      | Reached XP level 3. HP: 28/28 MP: 5/5
  1090 | D:2      | Noticed an air elemental
  1092 | D:2      | Found a stormy altar of Qazlal.
  1093 | D:2      | Noticed a water elemental
  1093 | D:2      | Noticed a fire elemental
  1093 | D:2      | Noticed an earth elemental
  1149 | D:2      | Learned a level 2 spell: Sticks to Snakes
  1240 | D:2      | Found a glowing golden altar of the Shining One.
  1572 | D:2      | Reached skill level 4 in Unarmed Combat
  1725 | D:2      | Reached skill level 1 in Armour
  1725 | D:2      | Reached XP level 4. HP: 31/35 MP: 7/7
  2471 | D:3      | Found a white marble altar of Elyvilon.
  3062 | D:3      | Reached XP level 5. HP: 25/40 MP: 8/8
  4027 | D:4      | Noticed an ogre
  4033 | D:4      | Killed an ogre
  4033 | D:4      | Reached skill level 1 in Stealth
  4033 | D:4      | Reached XP level 6. HP: 43/48 MP: 7/9
  4434 | D:4      | Reached * piety under Okawaru
  4780 | D:4      | HP: 2/48 [gnoll shaman/+0 whip of venom (2)]
  4913 | D:5      | Entered Level 5 of the Dungeon
  4913 | D:5      | Noticed Eustachio
  5440 | D:5      | Found a sparkling altar of Nemelex Xobeh.
  5501 | D:5      | Killed from afar by Eustachio

Illustrated notes

Levels and vault maps discovered:
D:1:      dpeg_arrival_caged_fury, layout_loops_cross, hangedman_decor_points,
          minmay_misc_feat_rows
D:2:      layout_basic, tso_altar, okawaru_metal_pillars_1_2,
          nicolae_qazlal_style_of_elements
D:3:      layout_basic, elyvilon_altar_5
D:4:      layout_basic, first_ration, guppyfry_early_lair_pool
D:5:      layout_rooms, fedhas_altar_3, nicolae_overflow_crystal_walls,
          minmay_temple_entry_purple_smoke, kennysheep_generic_room_8,
          uniq_eustachio, uniq_blork_the_orc

Skill      XL: |  1  2  3  4  5  6 |
---------------+-------------------+-----
Spellcasting   | 2 |  2.3
Unarmed Combat | 4 |  4.2
Armour         | 1 2 3 |  3.1
Transmutations | 2 |  2.0
Fighting       | 2 |  2.2
Axes           | 2 |  2.9
Dodging        | 2 |  2.1
Stealth        | 1 |  1.0
Throwing       | |  0.1

Action                   |  1- 3 |  4- 6 || total
-------------------------+-------+-------++-------
Melee: Unarmed           |   157 |    70 ||   227
       Headbutt          |     3 |     4 ||     7
       Kick              |     8 |    13 ||    21
       Punch             |     2 |     4 ||     6
       War axe           |       |   138 ||   138
Throw: Javelin           |       |    12 ||    12
 Cast: Beastly Appendage |    11 |    20 ||    31
Invok: Heroism           |       |     2 ||     2
Evoke: Wand              |       |     1 ||     1
  Use: Potion            |     2 |     7 ||     9
       Scroll            |       |     5 ||     5
  Eat: Chunk             |     3 |    11 ||    14
       Ration            |       |     1 ||     1
Armor: Scale mail        |    51 |   107 ||   158
       Robe              |     2 |       ||     2
Dodge: Dodged            |    67 |   133 ||   200

Table legend:
 A = Non-vault XP
 B = Vault XP
 C = Vault XP percentage of total XP
 D = Non-vault monster count
 E = Vault monster count
 F = Vault count percentage of total count
                 A         B        C        D         E       F
            +---------+---------+-------+---------+---------+-------
      Total |     460 |      13 |   2.7 |      77 |       1 |   1.3
            +---------+---------+-------+---------+---------+-------
        D:1 |      27 |       0 |   0.0 |      14 |       0 |   0.0
        D:2 |      84 |       0 |   0.0 |      24 |       0 |   0.0
        D:3 |     101 |       0 |   0.0 |      23 |       0 |   0.0
        D:4 |     248 |      13 |   5.0 |      16 |       1 |   5.9
            +---------+---------+-------+---------+---------+-------
